 Dungeon Crawl Stone Soup version 0.32-a0-350-g4f4d228785 (webtiles) character file.

Game seed: 3179060798504347118

8780 TentacledHero the Covert (level 11, -5/56 HPs)
             Began as a Spriggan Enchanter on Feb 17, 2024.
             Was a Believer of Kikubaaqudgha.
             Slain by a wraith (12 damage)
             ... on level 8 of the Dungeon.
             The game lasted 00:14:41 (9521 turns).

TentacledHero the Covert (Spriggan Enchanter)       Turns: 9521, Time: 00:14:41

Health: -5/56      AC:  3    Str:  4    XL:     11   Next: 14%
Magic:  8/21       EV: 21    Int: 27    God:    Kikubaaqudgha [**....]
Gold:   561        SH:  0    Dex: 16    Spells: 17/22 levels left

rFire   x . .        a - +1 dagger
rCold   + . .        (no shield)
rNeg    . . .        b - +0 robe
rPois   .            (helmet restricted)
rElec   .            p - +0 cloak
rCorr   .            (gloves unavailable)
SInv    +            (boots unavailable)
Will    +....        x - amulet of the acrobat
Stlth   +++++        i - ring of ice
HPRegen 0.29/turn    q - +6 ring of intelligence
MPRegen 0.17/turn

%: acrobat
@: confusing by touch, slowed, invisible, quick
A: very small, no large weapons, unfitting armour, see invisible, speed 3
a: Renounce Religion, Unearth Wretches


You were on level 8 of the Dungeon.
You worshipped Kikubaaqudgha.
Kikubaaqudgha was pleased with you.
You visited 2 branches of the dungeon, and saw 9 of its levels.
You also visited: Sewer and Bailey.

You collected 561 gold pieces.

Inventory:

Hand Weapons
 a - a +1 dagger (weapon)
 k - a +0 rapier
Missiles
 C - 2 throwing nets
Armour
 b - a +0 robe (worn)
 p - a +0 cloak (worn)
 K - a +2 hat of see invisible
Jewellery
 i - a ring of ice (left hand)
 q - a +6 ring of intelligence (right hand)
 v - a ring of positive energy
 x - an amulet of the acrobat (around neck)
Wands
 c - a wand of quicksilver (6)
Scrolls
 f - a scroll of noise {unknown}
 h - 13 scrolls of identify {unknown}
 l - 6 scrolls of teleportation {unknown}
 m - 3 scrolls of acquirement {unknown}
 o - 2 scrolls of immolation {unknown}
 r - a scroll of butterflies {unknown}
 t - 2 scrolls of enchant weapon {unknown}
 u - a scroll of amnesia {unknown}
 A - a scroll of revelation {unknown}
 B - 3 scrolls of blinking {unknown}
 E - 2 scrolls of fog {unknown}
 F - 4 scrolls of poison {unknown}
 G - a scroll of brand weapon {unknown}
 H - a scroll of fear {unknown}
 J - a scroll of torment {unknown}
Potions
 d - 3 potions of enlightenment {unknown}
 e - a potion of berserk rage {unknown}
 g - 3 potions of brilliance {unknown}
 j - 2 potions of haste {unknown}
 n - 5 potions of curing {unknown}
 s - a potion of cancellation {unknown}
 w - 5 potions of attraction {unknown}
 y - 2 potions of invisibility
 z - a potion of resistance {unknown}
 D - 2 potions of ambrosia {unknown}
 I - 2 potions of might {unknown}


   Skills:
 - Level 6.0 Fighting
 + Level 10.3 Short Blades
 - Level 8.0 Dodging
 - Level 12.0 Stealth
 - Level 6.0 Spellcasting
 - Level 10.0 Hexes


You had 17 spell levels left.
You knew the following spells:

 Your Spells              Type           Power      Damage    Failure   Level
c - Confusing Touch       Hex            58%        N/A       1%          3
e - Ensorcelled Hibernat  Hex/Ice        100%       N/A       1%          2

Your spell library contained the following spells:

 Spells                   Type           Power      Damage    Failure   Level
 Slow                     Hex            100%       N/A       1%          1
 Jinxbite                 Hex            100%       N/A       1%          2
 Sigil of Binding         Hex            58%        N/A       1%          3
 Tukima's Dance           Hex            58%        N/A       1%          3
 Dazzling Flash           Conj/Hex       70%        N/A       2%          3
 Apportation              Tloc           16%        N/A       6%          1
 Freeze                   Ice            48%        1d6       6%          1
 Cigotuvi's Dreadful Rot  Necr/Alch/Air  16%        N/A       10%         2
 Sublimation of Blood     Necr           8%         N/A       10%         2
 Frozen Ramparts          Ice            24%        1d4       19%         3
 Hailstorm                Conj/Ice       12%        3d6       19%         3
 Vampiric Draining        Necr           8%         2d6       19%         3
 Animate Dead             Necr           8%         N/A       54%         4
 Alistair's Intoxication  Alch           5%         N/A       87%         5


Dungeon Overview and Level Annotations

Branches:
Dungeon (8/15)             Temple (1/1) D:6           Sewer (visited)
 Bailey (visited)
   Lair: D:8-11

Altars:
Dithmenos
Elyvilon
Fedhas
Gozag
Hepliaklqana
Kikubaaqudgha
Nemelex Xobeh
Okawaru
Qazlal
Ru
Sif Muna
Trog
Uskayaw
Vehumet
Wu Jian
Xom
Yredelemnul
Zin
The Shining One

Annotations:
D:1 ignis


Innate Abilities, Weirdness & Mutations

You are very small and have problems with some larger weapons.
You are too small for most types of armour.
You have supernaturally acute eyesight. (SInv)
You cover ground extremely quickly. (Speed+++)


Message History

Your Short Blades skill increases to level 10!
Your Hexes skill increases to level 10!
K - a +2 hat of see invisible You see here the elephant slug corpse of Gastronok.
You start resting.
A wraith comes into view.
A wraith is nearby!
Unknown command.
Casting: Confusing Touch (safe; 1% risk of failure)
Confirm with . or Enter, or press ? or * to list all spells.
Your hands begin to glow red.
You barely miss the wraith.
You feel yourself speed up. The wraith hits you! The wraith drains your vigour!
You feel yourself slow down.
You hit the wraith but do no damage. The wraith hits you!
* * * LOW HITPOINT WARNING * * *
You fade into invisibility!
The wraith completely misses you.
Aiming: Quicksilver Bolt
Press: ? - help, Q - select action, (/) - cycle Shift-Dir - straight line, f - wraith
Aim: a wraith (chance to confuse on hit: 40%, 71% to hit)
The bolt of dispelling energy hits the wraith!
The wraith is lightly damaged.
The wraith hits you but does no damage. The wraith barely misses you.
Aiming: Quicksilver Bolt
Press: ? - help, Q - select action, (/) - cycle Shift-Dir - straight line, f/p - wraith
Aim: a wraith (lightly damaged, chance to confuse on hit: 40%, 71% to hit)
The bolt of dispelling energy hits the wraith.
The wraith is moderately damaged.
The wraith completely misses you.
Aiming: Quicksilver Bolt
Press: ? - help, Q - select action, (/) - cycle Shift-Dir - straight line, f/p - wraith
Aim: a wraith (moderately damaged, chance to confuse on hit: 40%, 71% to hit)
The bolt of dispelling energy misses the wraith.
The wraith hits you!
* * * LOW HITPOINT WARNING * * *
The wraith hits you!
You die...
Kikubaaqudgha rasps: You have failed me!
Welcome... death!

...#(#.#.#.#.#.#.#. #.
.()[#.#.#.#.#.#.#.#.#.#.
.(.#.#.#.#.#.#.#.#.#.#.#
# ..†+#.#.#.#.#.#.#.#.#.#
# ...#.#.#.#.#.#.#.#.#.#.
#
...##.#.#.#.#$#.#.#.#.#.
#
...<.#.#.#$#.#.#.#.#.#.#.
#
....#.#.#.#.#.#.#.#.#.#.#
#
###..#)#.#.#.#.#@#.#.#.#.
# #.#.#.#.#.#.#.#W#.#.#.#
# #..#.#.#.#)#†#...#.#.#.
+ ###.#.#.#.#.#...#(#.#.#
######
#.#.#.#.#.#......?..#.
#)...#
##.#.#.#.#.##.)(..##.#
+....#
#.#.#.#.#.#..(...(..#
#....#
....#.#.#.#.ß.#()(ß.#.#
#.....
....#.#.#.#.#.(.(...((..
#.....


You could see a wraith.

Vanquished Creatures
  Gastronok (D:8)
  2 vault guards (Bailey)
  A two-headed ogre (D:8)
  Pikel (D:6)
  A gargoyle (D:8)
  Jeremiah (D:6)
  Prince Ribbit (Bailey)
  A wyvern (D:8)
  4 humans (Bailey)
  Grum (D:8)
  A water moccasin (D:7)
  2 orc warriors
  A sky beast (D:8)
  2 black bears
  An ice beast (D:5)
  2 centaurs (D:7)
  2 ogres
  4 wolves (D:8)
  A lemure (D:6)
  Blork the orc (D:5)
  2 kobold brigands (Sewer)
  11 bullfrogs
  A gnoll sergeant (D:7)
  A scorpion (D:7)
  9 wights
  2 bombardier beetles
  4 jellies
  Crazy Yiuf (D:6)
  5 hounds
  3 orc priests (D:6)
  Ijyb (D:5)
  Terence (D:3)
  An orc wizard (D:6)
  11 gnolls
  10 adders
  A shadow imp (D:7)
  8 ufetubi
  4 dart slugs
  5 ribbon worms
  8 orcs
  8 endoplasms
  6 giant cockroaches
  11 goblins
  10 hobgoblins
  8 jackals
  5 quokkas
  10 ball pythons
  5 bats
  5 frilled lizards
  10 kobolds
  4 rats
202 creatures vanquished.

Notes
Turn   | Place    | Note
-------+----------+-------------------------------------------
     0 | D:1      | TentacledHero the Spriggan Enchanter began the quest for
                  | the Orb.
     0 | D:1      | Reached XP level 1. HP: 9/9 MP: 5/5
   323 | D:1      | Reached skill level 5 in Stealth
   323 | D:1      | Reached XP level 2. HP: 13/13 MP: 6/6
   436 | D:1      | Found a faded altar of an unknown god.
   443 | D:1      | Reached XP level 3. HP: 16/16 MP: 8/8
   907 | D:1      | Learned a level 2 spell: Ensorcelled Hibernation
   911 | D:1      | Learned a level 3 spell: Confusing Touch
  1130 | D:2      | Reached skill level 6 in Stealth
  1296 | D:2      | Reached XP level 4. HP: 21/21 MP: 9/9
  2428 | D:3      | Noticed Terence
  2437 | D:3      | Killed Terence
  2742 | D:3      | Reached skill level 7 in Stealth
  2742 | D:3      | Reached XP level 5. HP: 16/24 MP: 2/10
  3231 | D:4      | Noticed an ogre
  3574 | D:4      | Found a glowing drain.
  3614 | Sewer    | Entered a sewer
  3645 | Sewer    | Reached skill level 5 in Short Blades
  3645 | Sewer    | Reached skill level 8 in Stealth
  3645 | Sewer    | Reached XP level 6. HP: 19/28 MP: 0/11
  4439 | D:4      | HP: 1/28 [ogre/+0 giant club (27)]
  4563 | D:4      | Reached skill level 5 in Hexes
  4563 | D:4      | Reached XP level 7. HP: 32/32 MP: 7/14
  5331 | D:5      | Entered Level 5 of the Dungeon
  5377 | D:5      | Noticed Ijyb
  5383 | D:5      | Killed Ijyb
  5503 | D:5      | Noticed Blork the orc
  5512 | D:5      | Killed Blork the orc
  5829 | D:6      | Noticed Pikel
  5837 | D:6      | Killed Pikel
  5838 | D:6      | Reached skill level 5 in Dodging
  5838 | D:6      | Reached XP level 8. HP: 40/40 MP: 10/15
  5838 | D:6      | Noticed Jeremiah
  6050 | D:6      | Killed Jeremiah
  6169 | D:6      | Reached XP level 9. HP: 39/44 MP: 10/16
  6270 | D:6      | Reached skill level 9 in Stealth
  6394 | D:6      | Found a staircase to the Ecumenical Temple.
  6632 | D:6      | Found a runed translucent door.
  6633 | D:6      | Noticed Crazy Yiuf
  6707 | D:6      | Killed Crazy Yiuf
  6794 | Temple   | Entered the Ecumenical Temple
  6803 | Temple   | Became a worshipper of Kikubaaqudgha
  7143 | D:7      | Reached skill level 10 in Stealth
  7393 | D:7      | Found a shimmering altar of Xom.
  7393 | D:7      | Found a sparkling altar of Nemelex Xobeh.
  7394 | D:7      | Found an ornate altar of the Wu Jian Council.
  7860 | D:7      | Found a sacrificial altar of Ru.
  7967 | D:7      | Reached skill level 11 in Stealth
  8241 | D:7      | Found a white marble altar of Elyvilon.
  8321 | D:8      | Reached * piety under Kikubaaqudgha
  8321 | D:8      | Received a gift from Kikubaaqudgha
  8439 | D:8      | Noticed Grum
  8447 | D:8      | Reached skill level 12 in Stealth
  8675 | D:8      | Found a flagged portal.
  8684 | Bailey   | Entered a bailey
  8762 | Bailey   | Reached skill level 5 in Spellcasting
  8762 | Bailey   | Reached XP level 10. HP: 49/49 MP: 18/18
  8981 | Bailey   | Noticed a vault guard
  8981 | Bailey   | Noticed Prince Ribbit
  9029 | Bailey   | Reached skill level 5 in Fighting
  9034 | Bailey   | Reached ** piety under Kikubaaqudgha
  9149 | Bailey   | Killed Prince Ribbit
  9190 | Bailey   | Killed a vault guard
  9228 | Bailey   | Noticed a vault guard
  9240 | Bailey   | Killed a vault guard
  9382 | D:8      | Noticed a two-headed ogre
  9421 | D:8      | Found the +6 shillelagh "Devastator" {shatter}
  9425 | D:8      | Noticed a gargoyle
  9426 | D:8      | Killed a two-headed ogre
  9460 | D:8      | Killed a gargoyle
  9469 | D:8      | Killed Grum
  9471 | D:8      | Noticed Gastronok
  9476 | D:8      | Reached XP level 11. HP: 56/56 MP: 13/21
  9503 | D:8      | Killed Gastronok
  9504 | D:8      | Reached skill level 10 in Short Blades
  9504 | D:8      | Reached skill level 10 in Hexes
  9521 | D:8      | Slain by a wraith

Illustrated notes

Levels and vault maps discovered:
D:1:      minmay_arrival_five_plusses, layout_basic,
          shapermc_ecumenical_altar_mp_urbaneastern, kennysheep_minor_cross
D:2:      layout_loops_ring
D:3:      layout_basic, serial_co_window_serial, co_window_corner_a,
          co_window_paths_a, co_window_paths_b, co_window_paths_a,
          co_window_paths_a, co_window_paths_a, co_window_paths_a,
          co_window_broadway_b, co_window_2corner, co_window_2corner,
          co_window_corner_b, co_window_of_opportunity_c, co_window_corner_b,
          glass_columns_a, glass_columns_b, glass_columns_c,
          kennysheep_generic_room_8, uniq_terence
D:4:      layout_loops_ring, portal_sewer_entry_f, minmay_fractal_squares_5
D:5:      layout_rooms, uniq_ijyb, uniq_blork_the_orc
D:6:      layout_cave_pools, temple_pool_b, uniq_pikel, uniq_jeremiah,
          uniq_crazy_yiuf_cottage
D:7:      layout_loops_corners, nicolae_elyvilon_temple_path,
          nicolae_overflow_quartered_altars
D:8:      layout_basic, amcnicky_altar_gilded, cheibrodos_ashenzari_chains,
          enter_bailey_5, dilly_guarded_unrand_devastator, uniq_grum,
          uniq_amaemon, uniq_gastronok
Temple:   nicolae_temple_ecumenical_triangle

Skill      XL: |  1  2  3  4  5  6  7  8  9 10 11 |
---------------+----------------------------------+-----
Stealth        | 5 6 7 8 12 | 12.0
Short Blades   | 2 3 5 8 9 10 | 10.3
Spellcasting   | 4 5 6 |  6.0
Hexes          | 5 8 9 10 | 10.0
Dodging        | 5 8 |  8.0
Fighting       | 3 6 |  6.0

Action                     |  1- 3 |  4- 6 |  7- 9 | 10-12 || total
---------------------------+-------+-------+-------+-------++-------
  Melee: Dagger            |    87 |   153 |   155 |    74 ||   469
   Cast: Ensorcelled Hiber |     9 |    65 |    73 |    37 ||   184
         Confusing Touch   |       |     1 |     9 |     3 ||    13
  Evoke: Wand              |       |       |    14 |     3 ||    17
    Use: Potion            |       |       |       |     1 ||     1
   Stab: Sleeping          |    16 |    48 |    63 |    26 ||   153
         Confused          |       |       |     6 |     6 ||    12
 Armour: Robe              |    21 |    52 |    63 |    17 ||   153
  Dodge: Dodged            |    66 |   110 |   150 |    50 ||   376

Table legend: (Time is in decaauts)
 A = Elapsed time spent in this place.
 B = Non-inter-level travel time spent in this place.
 C = Inter-level travel time spent in this place.
 D = Time resting spent in this place.
 E = Time spent auto-exploring this place.
 F = Levels seen in this place.
 G = Mean time per level.
                   A        B        C        D        E       F      G
               +--------+--------+--------+--------+--------+-----+--------+
         Total |   7221 |   6781 |    440 |    967 |   4495 |  11 |  656.5 |
       Dungeon |   5934 |   5505 |    429 |    883 |   3600 |   8 |  741.8 |
        Temple |     12 |      1 |     11 |      0 |      0 |   1 |   12.0 |
         Sewer |    683 |    683 |      0 |     84 |    441 |   1 |  683.0 |
        Bailey |    591 |    591 |      0 |      0 |    453 |   1 |  591.0 |
               +--------+--------+--------+--------+--------+-----+--------+

Top non-repeatable levels by time:
     D:7: 1188 daAuts
     D:4: 902 daAuts
     D:3: 879 daAuts
     D:2: 847 daAuts
   Sewer: 683 daAuts
     D:1: 651 daAuts
     D:6: 592 daAuts
  Bailey: 591 daAuts
     D:5: 543 daAuts
     D:8: 329 daAuts
  Temple: 12 daAuts
